 Dungeon Crawl Stone Soup version 0.28.0-1-gb440e238dd (webtiles) character file.

Game seed: 2727705697757147396

261 Peloso the Covered (level 5, 0/48 HPs)
             Began as a Minotaur Fighter on Feb 25, 2022.
             Was an Initiate of Okawaru.
             Slain by a white imp (3 damage)
             ... summoned by Eustachio
             ... on level 5 of the Dungeon.
             The game lasted 00:05:01 (4587 turns).

Peloso the Covered (Minotaur Fighter)               Turns: 4587, Time: 00:05:01

Health: 0/48       AC:  9    Str: 20      XL:     5   Next: 96%
Magic:  4/4        EV:  7    Int:  5      God:    Okawaru [......]
Gold:   206        SH:  5    Dex: 11 (12) Spells: 4/4 levels left

rFire   . . .      SeeInvis .   a - +0 long sword
rCold   . . .      Faith    .   c - +0 buckler
rNeg    . . .      Spirit   .   e - +0 chain mail
rPois   .          Reflect  .   (helmet restricted)
rElec   .          Harm     .   (no cloak)
rCorr   .          Rampage  .   (no gloves)
Will    .....                   (no boots)
Stlth   ..........              (no amulet)
HPRegen 0.16/turn               (no ring)
MPRegen 0.09/turn               (no ring)

@: no status effects
A: horns 2, retaliatory headbutt
a: Renounce Religion


You were on level 5 of the Dungeon.
You worshipped Okawaru.
Okawaru was noncommittal.
You visited 2 branches of the dungeon, and saw 6 of its levels.

You collected 206 gold pieces.

Inventory:

Hand Weapons
 a - a +0 long sword (weapon)
Armour
 b - a +0 scale mail
 c - a +0 buckler (worn)
 e - a +0 chain mail (worn)
Jewellery
 f - a ring of wizardry
 h - an amulet of guardian spirit
Scrolls
 l - 2 scrolls of amnesia {unknown}
 m - 2 scrolls of fog {unknown}
 n - 2 scrolls of blinking {unknown}
 o - a scroll of magic mapping {unknown}
 q - a scroll of teleportation {unknown}
 r - a scroll of enchant weapon {unknown}
Potions
 d - 3 potions of might
 i - a potion of magic
 p - 2 potions of haste
 t - a potion of ambrosia {unknown}


   Skills:
 + Level 5.0 Fighting
 + Level 4.2 Long Blades
 + Level 5.2 Armour
 + Level 0.4 Dodging
 + Level 4.9 Shields


You had 4 spell levels left.
You didn't know any spells.
Your spell library contained the following spells:

 Spells                   Type           Power      Damage    Failure   Level
 Dazzling Flash           Conj/Hex       0%         N/A       100%        3
 Portal Projectile        Hex/Tloc       0%         N/A       100%        3
 Iskenderun's Mystic Bla  Conj/Tloc      0%         2d3       100%        4
 Blade Hands              Tmut           0%         N/A       100%        5
 Excruciating Wounds      Necr           0%         N/A       100%        5
 Iron Shot                Conj/Erth      0%         9d1       100%        6
 Starburst                Conj/Fire      0%         6d3       100%        6
 Animate Armour           Summ/Erth      Unusable   N/A       N/A         4

Dungeon Overview and Level Annotations

Branches:
Dungeon (5/15)             Temple (1/1) D:5

Altars:
Ashenzari
Dithmenos
Fedhas
Gozag
Nemelex Xobeh
Okawaru
Qazlal
Ru
Sif Muna
Trog
Uskayaw
Vehumet
Wu Jian
Zin
The Shining One

Annotations:
D:4 2 transporters, Conn's ghost, amateur OpFE
D:5 Eustachio


Innate Abilities, Weirdness & Mutations

You have a pair of horns on your head.
You reflexively headbutt those who attack you in melee.


Message History

You block the quasit's attack. The quasit claws you. x2
You feel clumsy.
Unknown command.
You closely miss Eustachio. Your headbutt misses Eustachio.
The quasit bites you but does no damage.
The quasit claws you but does no damage. x2
Eustachio mumbles some strange words.
The iron imp hits you but does no damage.
The river rat bites you.
* * * LOW HITPOINT WARNING * * *
The white imp barely misses you.
You slash Eustachio!
Eustachio is moderately wounded.
The river rat disappears in a puff of smoke!
The rat disappears in a puff of smoke!
The quasit bites you but does no damage.
The quasit barely misses you.
The quasit claws you but does no damage.
You block Eustachio's attack. The river rat closely misses you.
The iron imp shouts, "Get thee hence, thou warped ill-breeding boar-pig!"
The iron imp hits you.
* * * LOW HITPOINT WARNING * * *
The quasit bites you but does no damage.
The quasit barely misses you.
The quasit claws you but does no damage.
The white imp gestures at you.
The puff of frost hits you but does no damage.
Eustachio hits you but does no damage.
It was a potion of curing.
You feel better. The river rat bites you!
* * * LOW HITPOINT WARNING * * *
You block the quokka's attack. The quasit bites you.
* * * LOW HITPOINT WARNING * * *
You block the quasit's attack.
The quasit claws you but does no damage.
The iron imp hits you but does no damage.
The quokka bites you but does no damage.
The white imp hits you.
* * * LOW HITPOINT WARNING * * *
The white imp freezes you.
You die...

..... ......#
..... .........
##.# ...#.....?.
..# #..........
... ###.........
.#. #.........#
### ##5rr.....#
.#.# #.@@r)....#
....
#.55r##.#####.
....
##ยง#..........
.... ####..###....
.... ##....##.. .
....
#####...........
....
##.#...#.......#.
....
##......#.#.....#
.#..
#.......#....#....
.###.


You could see Eustachio, an iron imp (summoned), a quasit (summoned), a river
rat (summoned), a white imp (summoned), 2 quokkas and a rat (summoned).

Vanquished Creatures
  A jelly (D:4)
  A bullfrog skeleton (D:3)
  An iguana (D:5)
  Terence (D:2)
  An orc wizard (D:5)
  3 adders
  A shadow imp (D:5)
  A white imp (D:5)
  An ufetubus (D:4)
  An adder skeleton (D:4)
  A worm (D:2)
  2 dart slugs
  7 orcs
  5 endoplasms
  4 giant cockroaches
  8 goblins
  5 hobgoblins
  3 jackals (D:1)
  5 quokkas
  4 ball pythons
  A bat (D:3)
  A frilled lizard (D:1)
  7 kobolds
  2 rats
67 creatures vanquished.

Vanquished Creatures (others)
  4 plants (D:2)
4 creatures vanquished.

Grand Total: 71 creatures vanquished

Notes
Turn   | Place    | Note
-------+----------+-------------------------------------------
     0 | D:1      | Peloso the Minotaur Fighter began the quest for the Orb.
     0 | D:1      | Reached XP level 1. HP: 19/19 MP: 0/0
   416 | D:1      | Reached XP level 2. HP: 27/27 MP: 1/1
  1385 | D:2      | Noticed Terence
  1391 | D:2      | Killed Terence
  1392 | D:2      | Reached XP level 3. HP: 34/34 MP: 2/2
  1626 | D:2      | Found a shadowy altar of Dithmenos.
  1676 | D:2      | Found a faded altar of an unknown god.
  2188 | D:3      | Reached XP level 4. HP: 41/41 MP: 3/3
  2938 | D:3      | Reached skill level 5 in Armour
  3351 | D:4      | Found a transporter.
  3386 | D:4      | Reached XP level 5. HP: 47/47 MP: 4/4
  3620 | D:4      | Noticed Conn's ghost (amateur OpFE)
  3621 | D:4      | Found a transporter.
  3748 | D:4      | Identified the +6 dagger of Zebiubic {venom, Dex+3}
  3905 | D:5      | Entered Level 5 of the Dungeon
  4148 | D:5      | Found a staircase to the Ecumenical Temple.
  4157 | Temple   | Entered the Ecumenical Temple
  4266 | Temple   | Became a worshipper of Warmaster Okawaru
  4453 | D:5      | Reached skill level 5 in Fighting
  4564 | D:5      | Noticed Eustachio
  4587 | D:5      | Slain by a white imp

Illustrated notes

Levels and vault maps discovered:
D:1:      evilmike_arrival_hilbert_curve, layout_basic
D:2:      layout_loops_ring, chequers_ecumenical_altar_simple, basic_altar,
          serial_forest, infiniplex_forest_lined_1,
          infiniplex_forest_clump_large, infiniplex_forest_end_3,
          infiniplex_forest_end_3, infiniplex_forest_straight_1,
          infiniplex_forest_clump_medium, palyth_stone_intersect, uniq_terence
D:3:      layout_basic, hangedman_feature_mirror
D:4:      layout_loops_ring, gammafunk_ghost_arena
D:5:      layout_cave_pools, minmay_temple_entry_poolview,
          minmay_fractal_squares_gapless_5, uniq_eustachio
Temple:   kilobyte_greek_temple

Skill      XL: |  1  2  3  4  5 |
---------------+----------------+-----
Fighting       | 4 5 |  5.0
Armour         | 4 5 |  5.2
Shields        | 4 |  4.9
Long Blades    | 3 4 |  4.2
Dodging        | |  0.4

Action                   |  1- 3 |  4- 6 || total
-------------------------+-------+-------++-------
Melee: Long sword        |    78 |   113 ||   191
       Headbutt          |    12 |    18 ||    30
  Use: Scroll            |       |     3 ||     3
       Potion            |       |     1 ||     1
Armor: Scale mail        |     8 |       ||     8
       Chain mail        |    30 |    95 ||   125
Dodge: Dodged            |    17 |    58 ||    75
Block: Buckler           |    10 |    43 ||    53
